 Dungeon Crawl Stone Soup version 0.31-a0-853-gc9b61b78f7 (webtiles) character file.

Game seed: 15626498202017295756

171 BinkBink the Ducker (level 5, 0/28 HPs)
             Began as a Spriggan Fighter on Oct 8, 2023.
             Slain by a black bear (3 damage)
             ... on level 6 of the Dungeon.
             The game lasted 00:06:43 (1604 turns).

BinkBink the Ducker (Spriggan Fighter)              Turns: 1604, Time: 00:06:44

Health: 0/28       AC:  2    Str: 12    XL:     5   Next: 26%
Magic:  6/6        EV: 19    Int:  9    God:
Gold:   70         SH:  5    Dex: 17    Spells: 4/4 levels left

rFire   . . .        a - +0 rapier
rCold   . . .        c - +0 buckler
rNeg    . . .        b - +0 robe
rPois   .            (helmet restricted)
rElec   .            (no cloak)
rCorr   .            (gloves unavailable)
SInv    +            (boots unavailable)
Will    .....        (no amulet)
Stlth   +++          (no ring)
HPRegen 0.24/turn    (no ring)
MPRegen 0.10/turn

%: no passive effects
@: very quick
A: very small, no large weapons, unfitting armour, see invisible, speed 3
a: no special abilities


You were on level 6 of the Dungeon.
You visited 1 branch of the dungeon, and saw 6 of its levels.

You collected 70 gold pieces.

Inventory:

Hand Weapons
 a - a +0 rapier (weapon)
Armour
 b - a +0 robe (worn)
 c - a +0 buckler (worn)
Jewellery
 g - an amulet of guardian spirit
Scrolls
 e - a scroll of poison {unknown}
 i - 2 scrolls of identify {unknown}
 j - a scroll of enchant armour {unknown}
 l - 3 scrolls of immolation {unknown}
 n - a scroll of noise {unknown}
Potions
 d - a potion of might
 f - 2 potions of curing {unknown}
 h - a potion of heal wounds {unknown}
 k - a potion of enlightenment {unknown}
 m - a potion of cancellation {unknown}


   Skills:
 + Level 2.9 Fighting
 * Level 4.0 Short Blades
 + Level 4.8 Dodging
 * Level 4.4 Stealth
 - Level 2.1 Shields


You had 4 spell levels left.
You didn't know any spells.
Your spell library contained the following spells:

 Spells                   Type           Power      Damage    Failure   Level
 Sandblast                Erth           0%         2d4       50%         1
 Passwall                 Tmut/Erth      0%         N/A       65%         2
 Stone Arrow              Conj/Erth      0%         3d7       86%         3
 Brom's Barrelling Bould  Conj/Erth      0%         2d3       99%         4
 Leda's Liquefaction      Hex/Erth       0%         N/A       99%         4
 Lee's Rapid Deconstruct  Erth           0%         3d4*      100%        5
 Bombard                  Conj/Erth      0%         9d1       100%        6


Dungeon Overview and Level Annotations

Branches:
Dungeon (6/15)
 Temple: D:4-7

Altars:

Shops:
D:4 *

Annotations:
D:4 Pikel
D:6 Sigmund


Innate Abilities, Weirdness & Mutations

You are very small and have problems with some larger weapons.
You are too small for most types of armour.
You have supernaturally acute eyesight. (SInv)
You cover ground extremely quickly. (Speed+++)


Message History

Found a scroll labelled ALIAM ZOIB.
n - a scroll labelled ALIAM ZOIB
Found 8 gold pieces.
A sky beast comes into view.
You see here 8 gold pieces.
You puncture the sky beast!
The sky beast is moderately wounded.
The sky beast flickers out of sight for a moment.
The sky beast hits you. The sky beast shocks you.
You hit the sky beast.
The sky beast is heavily wounded.
The sky beast barely misses you. The sky beast hits you.
The sky beast shocks you.
You see here 8 gold pieces.
A wyvern zombie comes into view.
Found a scroll labelled ECEEZUMEHE.
Found 8 gold pieces.
The wyvern zombie barely misses you. The wyvern zombie closely misses you.
You block the wyvern zombie's attack.
The wyvern zombie attacks as it pursues you!
The wyvern zombie barely misses you.
A bullfrog comes into view.
Found a scroll labelled ISTEMIJ QABBIG.
A black bear comes into view.
Sigmund and an ice beast come into view.
Sigmund is wielding a +0 heavy scythe.
The helpless black bear fails to defend itself.
You puncture the black bear!
The black bear is severely wounded.
The black bear goes berserk!
You hit the black bear but do no damage.
The black bear is severely wounded.
The black bear bites you. You block the black bear's attack.
The black bear misses you. The black bear bites you!
* * * LOW HITPOINT WARNING * * *
The black bear claws you.
* * * LOW HITPOINT WARNING * * *
The black bear claws you.
You die...

. .. ... #######
.... #..@..### ..Y..
+........
#.....#.....#
#....h@.# #.#####.##
#..# ##.## #..##
#####..############
....................
#########....#######
.?.............


You could see a black bear (berserk), an ice beast and Sigmund (asleep).

Vanquished Creatures
  2 jellies
  A hound (D:5)
  2 adders (D:4)
  A shadow imp (D:5)
  A white imp (D:5)
  An ufetubus (D:5)
  A worm (D:5)
  2 dart slugs (D:4)
  An orc (D:4)
  4 endoplasms
  4 goblins
  4 hobgoblins
  3 jackals (D:5)
  3 kobolds
  A quokka (D:1)
  A ball python (D:1)
  A bat (D:1)
  3 frilled lizards (D:1)
  7 rats
43 creatures vanquished.

Notes
Turn   | Place    | Note
-------+----------+-------------------------------------------
     0 | D:1      | BinkBink the Spriggan Fighter began the quest for the Orb.
     0 | D:1      | Reached XP level 1. HP: 11/11 MP: 2/2
   221 | D:1      | Reached skill level 1 in Stealth
   291 | D:1      | Reached XP level 2. HP: 16/16 MP: 3/3
   710 | D:4      | Noticed a lemure
   711 | D:4      | Noticed a lemure
   715 | D:4      | Reached XP level 3. HP: 19/19 MP: 4/4
   751 | D:5      | Entered Level 5 of the Dungeon
   763 | D:5      | Noticed a black bear
   814 | D:5      | Reached XP level 4. HP: 23/23 MP: 5/5
  1184 | D:4      | Found Moebloff's General Store.
  1312 | D:4      | Noticed Pikel
  1348 | D:4      | Reached XP level 5. HP: 24/28 MP: 6/6
  1463 | D:6      | Noticed a black bear
  1504 | D:6      | Noticed a sky beast
  1600 | D:6      | Noticed a black bear
  1601 | D:6      | Noticed Sigmund
  1601 | D:6      | Noticed an ice beast
  1604 | D:6      | Slain by a black bear

Illustrated notes

Levels and vault maps discovered:
D:1:      onia_arrival_mini_spirals, layout_basic, minmay_pentomino_z2
D:2:      layout_basic, chequers_ecumenical_altar_island
D:3:      layout_basic, uniq_robin
D:4:      layout_basic, temple_green, minmay_shop_grid_forest,
          nicolae_custom_books, uniq_pikel, uniq_ijyb
D:5:      layout_basic
D:6:      layout_basic, amcnicky_altar_gilded, serial_undead, serial_undead_c,
          serial_undead_c, serial_undead_b, serial_undead_e, serial_undead_d,
          serial_undead_d, kennysheep_generic_room_14, uniq_sigmund,
          uniq_prince_ribbit1

Skill      XL: |  1  2  3  4  5 |
---------------+----------------+-----
Stealth        | 1 2 3 4 |  4.4
Short Blades   | 3 4 |  4.0
Fighting       | |  2.9
Dodging        | |  4.8
Shields        | |  2.1

Action                     |  1- 3 |  4- 6 || total
---------------------------+-------+-------++-------
  Melee: Rapier            |    83 |    54 ||   137
   Stab: Sleeping          |     6 |     3 ||     9
         Distracted        |     1 |     1 ||     2
 Armour: Robe              |    15 |    22 ||    37
  Dodge: Dodged            |    48 |    35 ||    83
  Block: Buckler           |    14 |    21 ||    35

Table legend: (Time is in decaauts)
 A = Elapsed time spent in this place.
 B = Non-inter-level travel time spent in this place.
 C = Inter-level travel time spent in this place.
 D = Time resting spent in this place.
 E = Time spent auto-exploring this place.
 F = Levels seen in this place.
 G = Mean time per level.
                   A        B        C        D        E       F      G
               +--------+--------+--------+--------+--------+-----+--------+
         Total |   1105 |   1105 |      0 |      0 |    354 |   6 |  184.2 |
       Dungeon |   1105 |   1105 |      0 |      0 |    354 |   6 |  184.2 |
               +--------+--------+--------+--------+--------+-----+--------+

Top non-repeatable levels by time:
     D:1: 377 daAuts
     D:4: 309 daAuts
     D:5: 206 daAuts
     D:6: 123 daAuts
     D:3: 65 daAuts
     D:2: 23 daAuts
